 Dungeon Crawl Stone Soup version 0.24.0-13-gcf9b319 (webtiles) character file.

Game seed: 7079584200978720035, levelgen mode: deterministic

100 Bronimir the Chiller (level 4, 0/34 HPs)
             Began as a Draconian Ice Elementalist on Mar 25, 2020.
             Killed from afar by an orc wizard (8 damage)
             ... with a puff of flame
             ... on level 2 of the Dungeon on Mar 26, 2020.
             The game lasted 00:07:30 (3265 turns).

Bronimir the Chiller (Draconian Ice Elementalist)   Turns: 3265, Time: 00:07:30

Health: 0/34       AC: 10    Str: 10    XL:     4   Next: 47%
Magic:  1/7        EV: 11    Int: 17    God:
Gold:   114        SH:  3    Dex: 11    Spells: 2/8 levels left

rFire    . . .     SeeInvis .   a - +0 hand axe
rCold    . . .     Gourm    .   q - +0 buckler
rNeg     . . .     Faith    .   (armour unavailable)
rPois    .         Spirit   .   (helmet restricted)
rElec    .         Reflect  .   (no cloak)
rCorr    .         Harm     .   (no gloves)
MR       .....                  (no boots)
Stlth    ++........             (no amulet)
HPRegen  0.11/turn              (no ring)
MPRegen  0.10/turn              (no ring)

@: icy armour
A: unfitting armour, horns 1, blurry vision 1, cold-blooded, AC +5
a: no special abilities


You were on level 2 of the Dungeon.
You were hungry.

You visited 1 branch of the dungeon, and saw 3 of its levels.

You collected 114 gold pieces.

Inventory:

Hand Weapons
 a - a +0 hand axe (weapon)
 b - a cursed -2 hunting sling
 h - a +0 whip
 j - a +0 club
 r - a +0 short sword
Missiles
 d - 28 sling bullets
 m - 9 bolts
Armour
 q - a +0 buckler (worn)
Scrolls
 c - a scroll of magic mapping {unknown}
 e - a scroll of random uselessness {unknown}
 g - a scroll of enchant weapon {unknown}
 k - 2 scrolls of identify {unknown}
 n - a scroll of amnesia {unknown}
Potions
 l - 2 potions of lignification
 o - a potion of curing
 p - a potion of ambrosia {unknown}
Comestibles
 i - 4 rations
 s - 2 chunks of flesh


   Skills:
 + Level 0.4 Fighting
 + Level 0.6 Short Blades
 + Level 1.9 Dodging
 - Level 1.7 Stealth
 * Level 0.4 Shields
 + Level 2.5 Spellcasting
 * Level 1.3 Conjurations
 * Level 4.5 Ice Magic


You had 2 spell levels left.
You knew the following spells:

 Your Spells              Type           Power        Failure   Level  Hunger
a - Freeze                Ice            ###.         4%          1    #......
b - Throw Frost           Conj/Ice       ##....       13%         2    ##.....
c - Ozocubu's Armour      Chrm/Ice       #.......     34%         3    ###....

Your spell library contained the following spells:

 Spells                   Type           Power        Failure   Level  Hunger
 Throw Icicle             Conj/Ice       ##......     65%         4    #####..
 Summon Ice Beast         Ice/Summ       #.......     75%         4    #####..


Dungeon Overview and Level Annotations

Branches:
Dungeon (3/15)

Altars:
Xom


Innate Abilities, Weirdness & Mutations

Your plain brown scales are hard. (AC +5)
You cannot fit into any form of body armour.
You are cold-blooded and may be slowed by cold attacks.
You have a pair of small horns on your head.
Scrolls take you a little longer to read.


Message History

The puff of flame hits you but does no damage.
The heat melts your icy armour.
You barely miss something. Something hits you but does no damage.
You miss something.
You hear some strange, mumbled words.
A magic dart appears from out of thin air!
The magic dart hits you!
* * * LOW HITPOINT WARNING * * *
You hear some strange, mumbled words.
A magic dart appears from out of thin air!
The magic dart hits you but does no damage.
You barely miss something. Something hits you but does no damage.
You closely miss something.
Your tail-slap misses something.
Something hits you but does no damage.
It was a potion of mutation.
You feel extremely strange.
Your vision blurs.
A pair of horns grows on your head!
You hear some strange, mumbled words.
A puff of flame appears from out of thin air!
The puff of flame hits you!
You die...

...........# #...........# #.#..
...........# #...........# #.#..
...........###...........# #.#..
.........................# #.#..
....##########...........####.#..
....# #.....................
...## #.#................... ...#
#.#.†.)............... ...#
#.#.÷@................ ..##
#.#..{................
.###########.#...................
.............###########.........
############.# #........# .....#
### #......[.#
.###.############## #........#
.#................# #........#
....>############.# #........#


There were no monsters in sight!

Vanquished Creatures
  An orc wizard (D:2)
  2 adders (D:2)
  4 dart slugs
  2 orcs (D:2)
  6 giant cockroaches
  5 goblins
  8 hobgoblins
  2 ball pythons (D:2)
  7 bats (D:1)
  4 frilled lizards
  4 kobolds
  5 rats
50 creatures vanquished.

Notes
Turn   | Place    | Note
-------+----------+-------------------------------------------
     0 | D:1      | Bronimir the Draconian Ice Elementalist began the quest for
                  | the Orb.
     0 | D:1      | Reached XP level 1. HP: 14/14 MP: 3/3
   420 | D:1      | Reached XP level 2. HP: 19/20 MP: 3/5
   424 | D:1      | Learned a level 2 spell: Throw Frost
  1148 | D:1      | Reached XP level 3. HP: 9/27 MP: 1/6
  1404 | D:1      | Learned a level 3 spell: Ozocubu's Armour
  1816 | D:2      | Reached skill level 4 in Ice Magic
  2232 | D:2      | Found an iron altar of Okawaru.
  2234 | D:2      | Found a radiant altar of Vehumet.
  2234 | D:2      | Found a stormy altar of Qazlal.
  2236 | D:2      | Found a hazy altar of Hepliaklqana.
  2236 | D:2      | Found a shimmering altar of Xom.
  2236 | D:2      | Found a radiant altar of Vehumet.
  3023 | D:2      | Reached XP level 4. HP: 18/34 MP: 0/7
  3265 | D:2      | Gained mutation: Scrolls take you a little longer to read.
                  | [potion of mutation]
  3265 | D:2      | Gained mutation: You have a pair of small horns on your
                  | head. [potion of mutation]
  3265 | D:2      | Killed from afar by an orc wizard

Levels and vault maps discovered:
D:1:      dpeg_arrival_three_smaller_balls, layout_loops_cross, minivault_27,
          st_stairs_6
D:2:      layout_basic, doesnt_xom_only_xom
D:3:      layout_rooms, first_ration, corexii_corridor_pit,
          minmay_misc_feat_rows, kennysheep_decorative_pillar

Skill      XL: |  1  2  3 |
---------------+----------+-----
Ice Magic      | 4 |  4.5
Fighting       | |  0.4
Short Blades   | |  0.6
Dodging        | |  1.9
Stealth        | |  1.7
Shields        | |  0.4
Spellcasting   | |  2.5
Conjurations   | |  1.3

Action                   |  1- 3 |  4- 6 || total
-------------------------+-------+-------++-------
Melee: Short sword       |    55 |       ||    55
       Tailslap          |     6 |     1 ||     7
       Whip              |     2 |       ||     2
       Club              |    13 |       ||    13
       Hand axe          |       |    31 ||    31
 Cast: Freeze            |    51 |     5 ||    56
       Throw Frost       |     5 |       ||     5
       Ozocubu's Armour  |       |     1 ||     1
  Use: Potion            |       |     3 ||     3
 Stab: Sleeping          |     1 |       ||     1
  Eat: Chunk             |     8 |       ||     8
Armor: Skin              |    45 |    32 ||    77
Dodge: Dodged            |    75 |    10 ||    85
Block: Buckler           |     4 |    18 ||    22
